 Dungeon Crawl Stone Soup version 0.29.1-4-g47bece8355 (webtiles) character file.

Game seed: 6400096126999693687

63758 concernfroge the Carver (level 14, 0/116 HPs)
             Began as a Mummy Monk on Dec 9, 2022.
             Was an Elder of Ashenzari.
             Killed from afar by Azrael (35 damage)
             ... with damnation
             ... on level 12 of the Dungeon.
             The game lasted 01:50:05 (27891 turns).

concernfroge the Carver (Mummy Monk)               Turns: 27891, Time: 01:50:06

Health: 0/116      AC: 30    Str: 23    XL:     14   Next: 69%
Magic:  14/14      EV:  9    Int: 10    God:    Ashenzari [****..]
Gold:   49         SH: 19    Dex: 16    Spells: 13/13 levels left

rFire   + . .      SeeInvis +   b - +7 flail (protect)
rCold   + + +      Faith    .   G - +2 tower shield {rC+}
rNeg    + + +      Spirit   .   e - +0 plate armour "Chained Stickiness" {Self, Elem} (curse)
rPois   ∞          Reflect  .   u - +2 helmet "Revealing Visionary" {Elem, Melee} (curse)
rElec   .          Harm     .   H - scarf {rC+ rF+}
rCorr   .          Rampage  .   k - +2 pair of gloves "Manifest Desperation" {Self, Elem} (curse)
Will    +....      Clarity  +   i - +0 pair of boots of Ouranomancy {Cun, Range} (curse)
Stlth   ..........              h - amulet of Ashenzari's Augurer {Regen+, Fort, Melee} (curse)
HPRegen 1.09/turn               r - +6 ring of strength
MPRegen 0.14/turn               x - ring of Ashenzari's Gnosis {rF+, Fort, Melee} (curse)

@: under a protective aura, studying Polearms
A: cold resistance 1, negative energy resistance 3, torment resistance 2, heat
vulnerability 1, in touch with death 2, no potions
a: Renounce Religion, Shatter the Chains


You were on level 12 of the Dungeon.
You worshipped Ashenzari.
Ashenzari was greatly pleased with you.
You visited 4 branches of the dungeon, and saw 20 of its levels.
You also visited: Ice Cave.

You collected 1730 gold pieces.
You spent 1681 gold pieces at shops.

Inventory:

Hand Weapons
 b - a +7 flail of protection (weapon)
Missiles
 c - 9 poisoned darts (quivered)
 s - 8 boomerangs
 F - 3 silver boomerangs
Armour
 e - the cursed +0 plate armour "Chained Stickiness" (worn) {Self, Elem}
   (You found it on level 2 of the Dungeon)

   It has a curse which improves the following skills: Introspection: Fighting
   and Spellcasting.
   Elements:  Fire Magic, Ice Magic, Air Magic and Earth Magic.
 i - the cursed +0 pair of boots of Ouranomancy (worn) {Cun, Range}
   (You found it on level 3 of the Dungeon)

   It has a curse which improves the following skills: Cunning: Dodging and
   Stealth.
   Ranged Combat: Ranged Weapons and Throwing.
 k - the cursed +2 pair of gloves "Manifest Desperation" (worn) {Self, Elem}
   (You bought it in a shop on level 1 of the Dungeon)

   It has a curse which improves the following skills: Introspection: Fighting
   and Spellcasting.
   Elements:  Fire Magic, Ice Magic, Air Magic and Earth Magic.
 u - the cursed +2 helmet "Revealing Visionary" (worn) {Elem, Melee}
   (You found it on level 6 of the Dungeon)

   It has a curse which improves the following skills: Elements: Fire Magic, Ice
   Magic, Air Magic and Earth Magic.
   Melee Combat: Short Blades, Long Blades, Axes, Maces & Flails, Polearms,
   Staves and Unarmed Combat.
 G - a +2 tower shield of cold resistance (worn)
 H - a scarf of resistance (worn)
 I - the +0 hat of the Bagpipe {Will+}
   (You bought it in a shop on level 2 of the Orcish Mines)

   Will:      It increases your willpower.
Jewellery
 h - the cursed amulet of Ashenzari's Augurer (around neck) {Regen+, Fort, Melee}
   (You found it on level 5 of the Lair of Beasts)

   [amulet of regeneration]

   Regen:     It increases your rate of health regeneration.
   It has a curse which improves the following skills: Fortitude: Armour and
   Shields.
   Melee Combat: Short Blades, Long Blades, Axes, Maces & Flails, Polearms,
   Staves and Unarmed Combat.
 r - a +6 ring of strength (left hand)
 x - the cursed ring of Ashenzari's Gnosis (right hand) {rF+, Fort, Melee}
   (You found it on level 8 of the Dungeon)

   [ring of protection from fire]

   rF:        It protects you from fire.
   It has a curse which improves the following skills: Fortitude: Armour and
   Shields.
   Melee Combat: Short Blades, Long Blades, Axes, Maces & Flails, Polearms,
   Staves and Unarmed Combat.
 N - an amulet of the acrobat
Wands
 o - a wand of polymorph (11)
 y - a wand of charming (11)
 z - a wand of digging (9)
 A - a wand of flame (11)
Scrolls
 d - 3 scrolls of noise
 j - 4 scrolls of magic mapping
 m - 2 scrolls of butterflies
 n - a scroll of vulnerability
 v - 5 scrolls of amnesia
 w - 4 scrolls of torment
Miscellaneous
 a - a lightning rod (inert)
 g - a condenser vane (inert)
 E - a phial of floods (inert)


   Skills:
 - Level 9.9(12.8) Fighting
 - Level 11.1(15.0) Long Blades
 + Level 2.8(5.9) Maces & Flails
 - Level 2.4(5.4) Polearms
 - Level 7.2(9.3) Throwing
 - Level 8.3(11.3) Armour
 - Level 8.3(10.3) Dodging
 - Level 1.5(2.9) Stealth
 - Level 8.3(11.3) Shields
 - Level 7.6 Evocations


You had 13 spell levels left.
You didn't know any spells.
Your spell library contained the following spells:

 Spells                   Type           Power      Damage    Failure   Level
 Apportation              Tloc           0%         N/A       100%        1
 Foxfire                  Conj/Fire      0%         2x1d4     100%        1
 Necrotise                Necr           0%         1d4       100%        1
 Summon Small Mammal      Summ           0%         N/A       100%        1
 Blink                    Tloc           0%         N/A       100%        2
 Poisonous Vapours        Pois/Air       0%         N/A       100%        2
 Static Discharge         Conj/Air       0%         3-3/arc   100%        2
 Call Canine Familiar     Summ           0%         N/A       100%        3
 Confusing Touch          Hex            0%         N/A       100%        3
 Conjure Flame            Conj/Fire      0%         6-21      100%        3
 Gell's Gravitas          Tloc           0%         N/A       100%        3
 Ignite Poison            Fire/Tmut/Pois 0%         N/A       100%        3
 Inner Flame              Hex/Fire       0%         N/A       100%        3
 Lesser Beckoning         Tloc           0%         N/A       100%        3
 Portal Projectile        Hex/Tloc       0%         N/A       100%        3
 Teleport Other           Tloc           0%         N/A       100%        3
 Cause Fear               Hex            0%         N/A       100%        4
 Corpse Rot               Necr/Pois/Air  1%         N/A       100%        4
 Dispel Undead            Necr           0%         3d6       100%        4
 Flame Wave               Conj/Fire      0%         2d4       100%        4
 Leda's Liquefaction      Hex/Erth       0%         N/A       100%        4
 Sticky Flame             Conj/Fire      0%         2d3       100%        4
 Summon Ice Beast         Ice/Summ       0%         N/A       100%        4
 Manifold Assault         Tloc           0%         N/A       100%        5
 Summon Mana Viper        Hex/Summ       0%         N/A       100%        5
 Yara's Violent Unravell  Hex/Tmut       0%         3d3       100%        5
 Death Channel            Necr           0%         N/A       100%        6
 Enfeeble                 Hex            0%         N/A       100%        7
 Monstrous Menagerie      Summ           0%         N/A       100%        7
 Dragon's Call            Summ           0%         N/A       100%        9
 Dragon Form              Tmut           Unusable   N/A       N/A         7
 Storm Form               Tmut/Air       Unusable   N/A       N/A         7

Dungeon Overview and Level Annotations

Branches:
Dungeon (12/15)            Temple (1/1) D:6            Lair (5/5) D:8
  Swamp (0/4) Lair:3       Spider (0/4) Lair:2        Slime (0/5) Lair:5
    Orc (2/2) D:9             Elf (0/3) Orc:2         IceCv (visited)

Altars:
Ashenzari
Cheibriados
Dithmenos
Fedhas
Gozag
Hepliaklqana
Kikubaaqudgha
Makhleb
Nemelex Xobeh
Okawaru
Qazlal
Ru
Sif Muna
Trog
Uskayaw
Vehumet
Wu Jian
Xom
Yredelemnul
Jiyva

Shops:
D:1 *   D:3 [!*?(   Orc:2 [=!*

Annotations:
D:12 Azrael
Lair:2 1 runed translucent door


Innate Abilities, Weirdness & Mutations

You are immune to poison.
Your flesh is cold resistant. (rC+)
You are immune to negative energy. (rN+++)
You are immune to unholy pain and torment.
You are vulnerable to heat. (rF-)
You are strongly in touch with the powers of death.
You do not drink.


Message History

Azrael is heavily wounded.
Azrael hits you with a +3 scimitar of flaming.
Aiming: Thunderbolt
Press: ? - help, Shift-Dir - straight line, p - Azrael The thunderbolt hits Azrael!
Azrael is severely wounded.
Azrael hits you but does no damage.
Aiming: Thunderbolt
Press: ? - help, Shift-Dir - straight line, f - Azrael
Aim: Azrael, wielding a +3 scimitar of flaming (severely wounded, poisoned)
The thunderbolt hits Azrael!
Azrael is severely wounded.
The lightning rod overheats!
Azrael closely misses you.
Aiming: Charm
Press: ? - help, Shift-Dir - straight line, f/p - Azrael
Aim: Azrael, wielding a +3 scimitar of flaming (severely wounded, poisoned, chance to affect: 50%)
Okay, then.
Throw: 10 darts (poison)
Press: ? - help, Q - select action, (/) - cycle Shift-Dir - straight line, f/p - Azrael
Aim: Azrael, wielding a +3 scimitar of flaming (severely wounded, poisoned, 83% to hit)
You throw a poisoned dart. The poisoned dart hits Azrael!!
Azrael looks as sick as possible!
Azrael is severely wounded.
You block Azrael's attack.
As you read the scroll of butterflies, it crumbles to dust.
You hear the tinkle of a tiny bell.
Azrael hits you with a +3 scimitar of flaming!
Azrael burns you.
You hit Azrael but do no damage.
Your weapon exudes an aura of protection.
Azrael is severely wounded.
Azrael gestures at you. The bolt of fire hits you! You resist.
* * * LOW HITPOINT WARNING * * *
The bolt of fire misses your butterfly.
You sock Azrael!
Azrael is almost dead.
Azrael gestures at you.
The sphere of damnation explodes!
The damnation engulfs you!!
You die...

##[.. #############*
##.... ##.....##.....##
#.....
##.((...........###.....
#......b.........##.....
#....(...........###....
#....bb..b.......###....
#...b..Rbb(......†......
#.....b@.b.......##.....
#...bb...........##.....
##....b.........####....
##......#.....## ###...
######.####### *#####
###.## ** ......
#####.## ,, ######
######..## * * ####
#........## * * #...


You could see Azrael (very poisoned, ally target).

Vanquished Creatures
  A reaper (IceCv)
  6 hydras
  2 two-headed ogres
  7 death yaks
  4 orc high priests
  A fire crab (Lair:3)
  An orc knight (Orc:1)
  4 orc sorcerers
  A cyclops (D:10)
  A moth of wrath (D:10)
  2 manticores (D:12)
  5 black mambas
  15 elephants
  2 ice statues (IceCv)
  A torpor snail (Lair:4)
  15 cane toads
  2 unseen horrors
  11 komodo dragons
  5 rime drakes
  3 unseen horror zombies (D:9)
  5 ice devils (IceCv)
  4 anaconda simulacra (IceCv)
  4 trolls
  Prince Ribbit (D:9)
  Grinder (D:6)
  4 tyrant leeches (Lair:5)
  A polar bear (Lair:5)
  13 blink frogs
  3 slime creatures (Lair:5)
  18 dream sheep
  2 shadows (D:11)
  2 wyverns
  2 wraiths
  3 dire elephant simulacra (IceCv)
  3 fire elementals (D:12)
  A basilisk (D:12)
  32 yaks
  4 vampire mosquitoes
  3 wargs
  Menkaure (D:6)
  2 swamp worms (Lair:3)
  A harpy simulacrum (IceCv)
  14 water moccasins
  2 hydra simulacra (IceCv)
  3 hell hounds (D:12)
  An ice beast (D:5)
  25 orc warriors
  6 black bears
  10 ogres
  7 centaurs
  4 wolves
  A phantom (D:7)
  A kobold brigand (D:6)
  15 bullfrogs
  A two-headed ogre simulacrum (IceCv)
  4 scorpions
  A cane toad simulacrum (IceCv)
  11 wights
  3 killer bees (D:10)
  4 howler monkeys (D:10)
  3 electric eels
  A centaur zombie (D:9)
  3 hounds
  3 jellies
  Crazy Yiuf (D:4)
  30 orc priests
  A bullfrog skeleton (D:6)
  3 gnoll boudas
  Natasha (thrice) (D:4)
  An iguana (D:6)
  30 orc wizards
  4 hell rats (Lair:1)
  A troll simulacrum (IceCv)
  3 howler monkey zombies (D:9)
  5 adders
  9 gnolls
  A howler monkey skeleton (D:4)
  A naga simulacrum (IceCv)
  A shadow imp (D:7)
  A white imp (D:5)
  2 ufetubi
  An adder skeleton (D:4)
  2 adder zombies (D:4)
  4 worms
  5 dart slugs
  An adder simulacrum (D:4)
  87 orcs
  4 endoplasms
  4 giant cockroaches
  7 goblins
  8 hobgoblins
  4 jackals
  3 quokkas (D:2)
  11 ball pythons
  7 bats
  4 frilled lizards
  10 kobolds
  2 rats
  A butterfly (Lair:4)
584 creatures vanquished.

Vanquished Creatures (collateral kills)
  A cane toad (Lair:5)
  Grum (D:9)
  A vampire mosquito (Lair:5)
  A wolf (D:9)
  A bullfrog (Lair:5)
5 creatures vanquished.

Vanquished Creatures (others)
  A blink frog (Lair:3)
  A water moccasin (Lair:5)
  An ufetubus (IceCv)
  35 fungi
  141 plants
  15 withered plants
194 creatures vanquished.

Grand Total: 783 creatures vanquished

Notes
Turn   | Place    | Note
-------+----------+-------------------------------------------
     0 | D:1      | concernfroge the Mummy Monk began the quest for the Orb.
     0 | D:1      | Reached XP level 1. HP: 18/18 MP: 1/1
   209 | D:1      | Reached XP level 2. HP: 20/24 MP: 2/2
   254 | D:1      | Found Quscha Peme's General Store.
   255 | D:1      | You fall into a shaft and drop 1 floor!
   293 | D:2      | Found a snail-covered altar of Cheibriados.
   681 | D:2      | Gained mutation: You are in touch with the powers of death.
                  | [Mummy growth]
   681 | D:2      | Reached XP level 3. HP: 29/30 MP: 3/3
  1338 | D:3      | Found Baladeyhu's Distillery.
  1372 | D:3      | Found Jaadeu's Antique Armour Emporium.
  1377 | D:3      | Identified the +3 long sword of Gehenna {pain, rF+ Will+}
  1396 | D:3      | Found Mopt's Assorted Antiques.
  1433 | D:3      | Found Pizox's Antique Weapon Boutique.
  1498 | D:3      | Found a broken altar of Ashenzari.
  1498 | D:3      | Found an ancient bone altar of Kikubaaqudgha.
  1512 | D:3      | Became a worshipper of Ashenzari the Shackled
  1541 | D:3      | Reached * piety under Ashenzari
  1564 | D:3      | Found Tubb's Magic Scroll Shoppe.
  1570 | D:3      | Reached XP level 4. HP: 36/40 MP: 4/4
  1575 | D:3      | Reached skill level 5 in Fighting
  2230 | D:1      | Bought a +0 pair of gloves for 54 gold pieces
  2318 | D:1      | Found a faded altar of an unknown god.
  2436 | D:1      | Reached XP level 5. HP: 46/47 MP: 5/5
  2780 | D:4      | Reached ** piety under Ashenzari
  3492 | D:4      | Found a runed translucent door.
  3493 | D:4      | Noticed Crazy Yiuf
  3502 | D:4      | Killed Crazy Yiuf
  3854 | D:4      | Noticed Natasha
  3855 | D:4      | Found the +4 dagger "Morg" {pain, Will+ Int+5}
  3864 | D:4      | Killed Natasha
  3865 | D:4      | Reached XP level 6. HP: 54/56 MP: 6/6
  3953 | D:4      | Noticed Natasha
  3960 | D:4      | Killed Natasha
  4071 | D:5      | Entered Level 5 of the Dungeon
  4187 | D:4      | Reached XP level 7. HP: 48/64 MP: 7/7
  4277 | D:4      | Noticed Natasha
  4287 | D:4      | Killed Natasha
  4860 | D:5      | Reached skill level 1 in Long Blades
  5215 | D:5      | Reached *** piety under Ashenzari
  5500 | D:3      | Bought a shiny buckler for 202 gold pieces
  5533 | D:6      | Noticed Grinder
  5540 | D:6      | Reached skill level 2 in Long Blades
  5550 | D:6      | Killed Grinder
  5551 | D:6      | Reached skill level 3 in Long Blades
  5551 | D:6      | Reached XP level 8. HP: 59/75 MP: 8/8
  5570 | D:5      | Reached skill level 4 in Long Blades
  5767 | D:6      | Identified the +1 spear of Reasonable Guile {vorpal, rCorr}
  5833 | D:6      | Noticed Menkaure
  5844 | D:6      | Killed Menkaure
  5875 | D:5      | Reached skill level 5 in Long Blades
  6358 | D:6      | Found a staircase to the Ecumenical Temple.
  6368 | D:6      | Reached skill level 6 in Long Blades
  6375 | Temple   | Entered the Ecumenical Temple
  6488 | D:7      | Reached **** piety under Ashenzari
  6685 | D:7      | Reached skill level 7 in Long Blades
  6685 | D:7      | Reached XP level 9. HP: 57/82 MP: 9/9
  7715 | D:3      | Bought a jade ring for 110 gold pieces
  7916 | D:8      | Reached skill level 8 in Long Blades
  7945 | D:8      | Reached skill level 9 in Long Blades
  8422 | D:8      | Found a staircase to the Lair.
  8846 | D:9      | Reached skill level 10 in Long Blades
  8846 | D:9      | Reached XP level 10. HP: 75/91 MP: 10/10
  9132 | D:9      | Noticed Prince Ribbit
  9427 | D:9      | Killed Prince Ribbit
  9464 | D:9      | Noticed Grum
  9474 | D:9      | Killed Grum
  9746 | D:9      | Found a staircase to the Orcish Mines.
  9771 | D:9      | Reached skill level 11 in Long Blades
  9832 | D:9      | Reached skill level 1 in Evocations
  9846 | D:9      | HP: 3/91 [yak (6)]
 10365 | D:9      | Found a sacrificial altar of Ru.
 10462 | D:9      | Reached ***** piety under Ashenzari
 10597 | D:9      | Identified the +0 robe of the Sacrificial Victim {Int+2}
 11241 | D:3      | Bought a faintly glowing falchion for 176 gold pieces
 11241 | D:3      | Identified the +7 falchion of Squeaky Offence {vorpal,
                  | rElec rN+ Int+4} (You bought it in a shop on level 3 of the
                  | Dungeon)
 11377 | D:10     | Entered Level 10 of the Dungeon
 11549 | D:10     | Noticed a cyclops
 11561 | D:10     | Killed a cyclops
 11906 | D:10     | Reached skill level 5 in Dodging
 12235 | D:10     | Noticed a two-headed ogre
 12238 | D:10     | Noticed a moth of wrath
 12238 | D:10     | a two-headed ogre changed into a moth of wrath
 12255 | D:10     | Killed a moth of wrath
 12256 | D:10     | Reached XP level 11. HP: 38/98 MP: 11/11
 12813 | D:11     | Identified the +6 rapier "Rumuzy" {vorpal, rPois Int+4}
 13360 | D:11     | Noticed a two-headed ogre
 13539 | D:11     | Reached skill level 1 in Armour
 13638 | D:11     | Reached skill level 1 in Shields
 13919 | D:11     | Killed a two-headed ogre
 14315 | Lair:1   | Entered Level 1 of the Lair of Beasts
 16160 | Lair:2   | Found a hole to the Spider Nest.
 16388 | Lair:2   | Reached skill level 5 in Armour
 16388 | Lair:2   | Reached skill level 5 in Shields
 16406 | Lair:2   | Reached XP level 12. HP: 77/105 MP: 12/12
 17257 | Lair:2   | Found a runed translucent door.
 17453 | Lair:3   | Found a staircase to the Swamp.
 17824 | Lair:3   | Noticed a six-headed hydra
 17838 | Lair:3   | Killed a nine-headed hydra
 19314 | Lair:4   | Found a stormy altar of Qazlal.
 19484 | Lair:4   | Reached skill level 5 in Evocations
 19762 | Lair:5   | Entered Level 5 of the Lair of Beasts
 19775 | Lair:5   | Found a viscous altar of Jiyva.
 19840 | Lair:5   | Found a staircase to the Slime Pits.
 19866 | Lair:5   | Gained mutation: You are strongly in touch with the powers
                  | of death. [Mummy growth]
 19866 | Lair:5   | Reached XP level 13. HP: 82/111 MP: 13/13
 20766 | Lair:5   | HP: 5/111 [water moccasin (2)]
 21280 | Lair:5   | Reached skill level 1 in Throwing
 22474 | Lair:5   | Reached skill level 5 in Throwing
 22516 | Lair:5   | HP: 4/111 [elephant (4)]
 22943 | Lair:5   | Reached ****** piety under Ashenzari
 23141 | Lair:5   | Reached XP level 14. HP: 45/120 MP: 15/15
 24218 | Orc:1    | Entered Level 1 of the Orcish Mines
 24571 | Orc:1    | Found a frozen archway.
 24594 | IceCv    | Entered an ice cave
 24858 | IceCv    | Noticed a reaper
 24858 | IceCv    | Identified the +8 war axe of Pestilence {vorpal, rPois rN+
                  | rCorr Str+3}
 24881 | IceCv    | Killed a reaper
 25573 | Orc:2    | Entered Level 2 of the Orcish Mines
 25849 | Orc:2    | Found a staircase to the Elven Halls.
 26742 | Orc:2    | Found Baweapeo's Jewellery Boutique.
 26742 | Orc:2    | Found Ifymehen's Assorted Antiques.
 26743 | Orc:2    | Found Heqigetz's Distillery.
 26745 | Orc:2    | Found Waad's Antique Armour Boutique.
 27027 | Orc:2    | Bought an embroidered scarf for 256 gold pieces
 27027 | Orc:2    | Bought a smoking hat for 288 gold pieces
 27027 | Orc:2    | Identified the +0 hat of the Bagpipe {Will+} (You bought it
                  | in a shop on level 2 of the Orcish Mines)
 27286 | D:1      | Bought a condenser vane for 480 gold pieces
 27339 | D:3      | Bought a scroll of fear for 40 gold pieces
 27339 | D:3      | Bought a scroll of enchant armour for 75 gold pieces
 27502 | D:12     | Reached skill level 1 in Maces & Flails
 27576 | D:12     | Noticed Azrael
 27891 | D:12     | Killed from afar by Azrael

Illustrated notes

Levels and vault maps discovered:
D:1:      minmay_arrival_floating_metal, layout_basic, serial_shops, shop,
          shapermc_ecumenical_altar_starsandcircs
D:2:      layout_loops_ring, basic_altar
D:3:      layout_rooms, nicolae_overflow_hidden_temple,
          grunt_temple_overflow_open, serial_shops,
          nicolae_shop_window_shopping, nicolae_shop_crystal, shop,
          nicolae_square_shop, nicolae_shop_trees, minmay_cupped
D:4:      layout_cave_pools, palyth_stone_intersect, dilly_guarded_unrand_morg,
          uniq_crazy_yiuf_cottage
D:5:      layout_cave_pools
D:6:      layout_cave_pools, minmay_temple_entry_mini_moons, uniq_grinder,
          uniq_menkaure
D:7:      layout_cave_pools, nicolae_grassy_gnolls
D:8:      layout_gridville, due_lair_maze_entry_diamond
D:9:      layout_long_grid, lemuel_crystal_altar, david_orc_5, serial_undead,
          serial_undead_a, serial_undead_c, serial_undead_b, serial_undead_a,
          serial_undead_e, uniq_grum, uniq_prince_ribbit1
D:10:     layout_roguey, hangedman_decor_riveting
D:11:     layout_loops_ring, serial_aquarium, aquarium_bridge_straight
          [aquarium_subvault_bridge, aquarium_subvault_window,
          aquarium_subvault_bridge, aquarium_subvault_wall],
          aquarium_bridge_straight [aquarium_subvault_bridge,
          aquarium_subvault_window, aquarium_subvault_bridge,
          aquarium_subvault_wall], aquarium_window_fake, aquarium_window_2,
          aquarium_window_fake, aquarium_view_2b
D:12:     layout_rooms, uniq_azrael
Temple:   nicolae_temple_no_exploring_needed
Lair:1:   layout_layer_cave
Lair:2:   gammafunk_indiana_jones, layout_chaotic_city, dummy_spider_entry
Lair:3:   layout_loops_ring, nicolae_swamp_entry_splash_gauntlet,
          serial_bayou_pond_c
Lair:4:   layout_gridlike, basic_altar, lemuel_fruit_fields,
          serial_bayou_shore_a, grunt_megastairs_1
Lair:5:   minmay_lair_end_frog_pond, layout_cellular_growth,
          minmay_slime_entry_pillars
Orc:1:    layout_caves, portal_ice_cave_rime
Orc:2:    st_orc_mages, layout_caves, basic_altar

Skill      XL: |  1  2  3  4  5  6  7  8  9 10 11 12 13 14 |
---------------+-------------------------------------------+-----
Fighting       | 4 5 6 8 9 |  9.9
Long Blades    | 3 7 10 11 | 11.1
Evocations     | 3 5 7 |  7.6
Dodging        | 5 6 8 |  8.3
Armour         | 5 7 8 |  8.3
Shields        | 5 7 8 |  8.3
Throwing       | 7 |  7.2
Maces & Flails | 2 |  2.8
Polearms       | |  2.4
Stealth        | |  1.5

Action                   |  1- 3 |  4- 6 |  7- 9 | 10-12 | 13-15 || total
-------------------------+-------+-------+-------+-------+-------++-------
Melee: Spear             |   153 |       |       |       |       ||   153
       Punch             |     1 |       |     3 |       |       ||     4
       Long sword        |    22 |   178 |   323 |  1126 |  1259 ||  2908
       Flail             |       |       |       |       |    86 ||    86
Throw: Dart              |       |     4 |     9 |    20 |    64 ||    97
       Boomerang         |       |       |       |     1 |    12 ||    13
Invok: Curse Item        |     2 |     2 |     3 |     2 |     1 ||    10
       Shatter the Chain |       |       |       |       |     4 ||     4
Evoke: Wand              |       |       |       |    23 |    31 ||    54
       Lightning rod     |       |       |       |       |     9 ||     9
       Phial of floods   |       |       |       |       |     3 ||     3
       Condenser vane    |       |       |       |       |     1 ||     1
  Use: Scroll            |       |     3 |     6 |     7 |    13 ||    29
 Stab: Invisible         |       |       |       |       |     6 ||     6
Armor: Scale mail        |    44 |       |       |       |       ||    44
       Plate armour      |    21 |   179 |   344 |   527 |   705 ||  1776
Dodge: Dodged            |    70 |    54 |   117 |   321 |   495 ||  1057
Block: Buckler           |       |       |    89 |   334 |   537 ||   960
       Tower shield      |       |       |       |       |   127 ||   127
